Map: Dusk Towers

Players

Miszu

  • Race: Terran Terran
  • League: Master

IIIIIIIIIIII - Winner!

  • Race: Zerg Zerg
  • League: Master

VOD

Have the link to the VOD?

Description

Time

  • Played on: June 11, 2016, 1:38 p.m.
  • Length: 5:05
Show
View Real Time Build Order
Export as new Build Order

Miszu Terran 

Build Orders: Reaper Expand 

Get SALT Encoding   

  12  0:00  SCV  
  13  0:12  SCV  
  14  0:17  Supply Depot  
  14  0:24  SCV  
  15  0:38  SCV  
  15  0:40  Barracks  
  16  0:43  Refinery  
  16  0:52  SCV  
  17  1:04  SCV  
  18  1:16  SCV  
  19  1:29  Reaper, Orbital Command  
  20  1:39  Command Center  
  20  1:50  Supply Depot  
  20  1:54  SCV  
  20  2:00  Marine  
  22  2:06  SCV  
  22  2:07  Factory  
  23  2:18  SCV  
  24  2:24  Barracks Reactor  
  24  2:31  SCV  
  25  2:43  SCV  
  26  2:47  Command Center  
  26  2:51  Orbital Command  
  26  2:57  SCV  
  27  3:06  Hellion x2  
  27  3:07  Barracks Tech Lab  
  27  3:09  SCV  
  32  3:16  SCV  
  33  3:22  SCV  
  33  3:25  Marine  
  34  3:28  SCV  
  34  3:34  SCV  
  36  3:35  Refinery  
  36  3:39  Factory Reactor  
  36  3:41  SCV  
  37  3:42  Barracks  
  37  3:43  Barracks  
  37  3:44  Marine  
  37  3:46  SCV  
  39  3:53  SCV  
  40  3:58  SCV  
  40  4:00  Orbital Command  
  41  4:04  Marine  
  41  4:05  SCV  
  43  4:16  SCV  
  44  4:18  Refinery  
  44  4:19  Refinery  
  44  4:20  Engineering Bay x2  
  44  4:21  SCV  
  44  4:22  Marine  
  44  4:23  Factory Reactor  
  46  4:28  SCV  
  47  4:32  Marine x2  
  47  4:34  Starport, SCV  
  50  4:39  Marine x2, Orbital Command  
  50  4:40  Marine, SCV  
  54  4:46  SCV  
  54  4:47  Supply Depot x2  
Show
View Real Time Build Order
Export as new Build Order

IIIIIIIIIIII Zerg - Winner!

Build Orders: Hatch First, Zergling Baneling 

Get SALT Encoding   

  12  0:01  Drone  
  13  0:12  Overlord  
  13  0:17  Drone  
  14  0:30  Drone x2  
  14  0:34  Drone  
  17  0:53  Hatchery  
  17  0:56  Drone  
  17  0:57  Drone  
  18  1:10  Extractor  
  17  1:12  Spawning Pool  
  17  1:15  Drone  
  17  1:21  Drone  
  18  1:28  Drone  
  19  1:39  Overlord  
  19  1:50  Drone  
  20  1:59  Queen  
  20  2:00  Zergling x2  
  23  2:05  Zergling x2  
  23  2:06  Queen  
  26  2:10  Metabolic Boost  
  26  2:12  Zergling x2  
  27  2:16  Drone  
  27  2:21  Drone  
  29  2:26  Drone  
  30  2:31  Extractor  
  30  2:33  Drone  
  30  2:38  Drone  
  30  2:43  Queen, Drone  
  35  2:50  Overlord  
  35  3:01  Hatchery  
  35  3:02  Drone  
  35  3:03  Drone  
  36  3:22  Overlord  
  36  3:23  Overlord  
  36  3:27  Baneling Nest  
  36  3:28  Extractor  
  36  3:31  Drone x2  
  36  3:37  Overlord  
  36  3:41  Zergling x4  
  36  3:42  Zergling x6  
  41  3:49  Zergling x2  
  41  3:53  Zergling x2  
  41  3:55  Zergling x6  
  45  4:00  Zergling x6  
  49  4:04  Zergling x2  
  49  4:05  Zergling x2  
  51  4:12  Baneling x3  
  51  4:13  Baneling x3  
  51  4:16  Zergling x4  
  53  4:17  Zergling x2  
  54  4:26  Baneling x7  
  54  4:29  Zergling x2  
  55  4:34  Zergling x4  
  55  4:38  Zergling x4  
  59  4:41  Zergling x2  
  59  4:45  Zergling x4  
Tags
 
Add a new tag
Caveats
  • Supply blocks, unpowered buildings, or Contaminate may cause inaccurate times.
  • Supply counts are checked every 10 seconds.